 Dungeon Sprint DCSS version 0.21-a0-401-g0b6bec4 (webtiles) character file.

3800000 Ordine the Ninja (level 27, -5/249 HPs)
             Began as a Formicid Fighter on Oct 23, 2017.
             Was the Champion of Makhleb.
             Slain by a destroyer
             ... wielding a +9 great sword of slicing
              (44 damage)
             ... in the Dungeon (Sprint VIII: "Arena of Blood") on Oct 24, 2017.
             The game lasted 00:01:33 (38 turns).

Ordine the Ninja (Formicid Fighter)                   Turns: 38, Time: 00:01:33

Health: -5/249     AC: 13    Str: 30    XL:     27
Magic:  9/54       EV: 23    Int: 12    God:    Makhleb [******]
Gold:   0          SH: 19    Dex: 10    Spells: 80/80 levels left

rFire    . . .     SeeInvis +   l - +∞ Axe of Woe
rCold    . . .     Gourm    .   c - +0 shield
rNeg     . . .     Faith    .   b - +0 scale mail
rPois    .         Spirit   .   (helmet unavailable)
rElec    .         Reflect  .   (no cloak)
rCorr    .         Harm     .   (no gloves)
MR       ++...                  (no boots)
Stlth    ++++++++..             (no amulet)
HPRegen  0.51/turn              (no ring)
MPRegen  0.34/turn              (no ring)

@: no status effects
A: permanent stasis, dig shafts and tunnels, four strong arms, antennae 3
a: Dig, Minor Destruction, Lesser Servant of Makhleb, Major Destruction, Greater
Servant of Makhleb, Renounce Religion


You were in the Dungeon.
You worshipped Makhleb.
Makhleb was exalted by your worship.
You were not hungry.

You visited 1 branch

Inventory:

Hand Weapons
 a - a +0 war axe
 l - the +∞ Axe of Woe (weapon)
   (You found it in the Dungeon)
Armour
 b - a +0 scale mail (worn)
 c - a +0 shield (worn)
Scrolls
 k - a scroll of blinking
Potions
 d - a potion of might
 e - a potion of curing
 g - a potion of heal wounds
 h - a potion of haste
 i - 2 potions of magic
 j - a potion of berserk rage
Comestibles
 f - a bread ration


   Skills:
 O Level 27 Fighting
 O Level 27 Axes
 O Level 27 Throwing
 O Level 27 Armour
 O Level 27 Dodging
 O Level 27 Stealth
 O Level 27 Shields
 O Level 27 Unarmed Combat
 O Level 27 Spellcasting
 O Level 27 Invocations


You had 80 spell levels left.
You didn't know any spells.

Dungeon Overview and Level Annotations

Branches:
Dungeon (1/1)

Altars:
Makhleb


Innate Abilities, Weirdness & Mutations

You cannot be hasted, slowed, berserked, paralysed or teleported.
You can dig through walls and to a lower floor.
Your four strong arms can wield two-handed weapons with a shield.
You have a pair of large antennae on your head. (SInv)


Message History

Unknown command.
You dice the meat berserker like an onion!!!
You butcher the meat berserker messily.
You kill the meat berserker!
Makhleb accepts your kill.
You feel better.
You are engulfed in blazing flames.
You hear a shout!
The destroyer blinks!
You hear a shout! x2
The destroyer is engulfed in blazing flames.
A bag of meat comes into view. It is wielding a +9 war axe.
Unknown command.
The sculptor of flesh is engulfed in blazing flames.
Some corpses begin to drag themselves along the ground!
Some corpses meld into agglomerations of writhing flesh!
You hear a shout! x4
The destroyer hits you with a +9 great sword of slicing!!!!!
Ouch! That really hurt!
* * * LOW HITPOINT WARNING * * *
You die...

......%........###..
.......#........_... .
§...#.%.....#.....# ..
###..x....X..#_.<._#
..##....#.......#.....#
#.....x.§#§.x))..._...
..#.....Xzx§§..)...###..
........Vx§§§.###.......
..o..§V@§§§xX%..#.......
......%)§X......#.{.....
...%...#.x%x.......{....
.....x#.#.#.........{...
.......#.#.....%.....{..
###...#.#.#..%..........
##.. { ....#.. #. ....


You could see 2 destroyers, a sculptor of flesh, 4 large abominations, 4 small
abominations, a bag of meat (wandering) and 5 crawling corpses.

Vanquished Creatures
  A vampire knight (D)
  13 ogres (D)
  5 two-headed ogres (D)
  34 orcs (D)
53 creatures vanquished.

Notes
Turn   | Place    | Note
-------+----------+-------------------------------------------
     0 | D        | Found the +∞ Axe of Woe
     0 | D        | Ordine the Formicid Fighter began the quest for the Orb.
     0 | D        | Reached XP level 1. HP: 18/18 MP: 1/1
     2 | D        | Noticed a bag of meat
     3 | D        | Became a worshipper of Makhleb the Destroyer
     5 | D        | Noticed a bag of meat
     6 | D        | Noticed a bag of meat
     6 | D        | Noticed a meat berserker
     7 | D        | Noticed a bag of meat
     8 | D        | Killed a bag of meat
     8 | D        | Reached XP level 2. HP: 37/37 MP: 1/12
     8 | D        | Reached XP level 3. HP: 43/43 MP: 1/14
     8 | D        | Reached XP level 4. HP: 50/50 MP: 1/15
     8 | D        | Reached XP level 5. HP: 55/55 MP: 1/17
     8 | D        | Reached XP level 6. HP: 62/62 MP: 1/18
     8 | D        | Reached XP level 7. HP: 68/68 MP: 1/20
     8 | D        | Reached XP level 8. HP: 75/75 MP: 1/21
     8 | D        | Reached XP level 9. HP: 81/81 MP: 1/22
     8 | D        | Reached XP level 10. HP: 87/87 MP: 1/23
     8 | D        | Reached XP level 11. HP: 93/93 MP: 1/24
     8 | D        | Reached XP level 12. HP: 100/100 MP: 1/25
     8 | D        | Killed a bag of meat
     8 | D        | Reached * piety under Makhleb
     8 | D        | Reached skill level 10 in Dodging
     8 | D        | Reached XP level 13. HP: 109/109 MP: 1/28
     9 | D        | Noticed a bag of meat
     9 | D        | Killed a meat berserker
     9 | D        | Reached skill level 15 in Shields
     9 | D        | Reached skill level 15 in Invocations
     9 | D        | Reached XP level 14. HP: 117/121 MP: 1/31
     9 | D        | Reached XP level 15. HP: 123/127 MP: 1/32
     9 | D        | Reached skill level 15 in Fighting
     9 | D        | Reached skill level 15 in Armour
    10 | D        | Noticed a meat berserker
    10 | D        | Reached ** piety under Makhleb
    10 | D        | Reached XP level 16. HP: 138/138 MP: 1/34
    11 | D        | Noticed a meat berserker
    12 | D        | Noticed a meat berserker
    13 | D        | Noticed a meat berserker
    14 | D        | Noticed a meat berserker
    14 | D        | Noticed a meat berserker
    14 | D        | Noticed a meat berserker
    15 | D        | Noticed a large bag of meat
    15 | D        | Noticed a meat berserker
    16 | D        | Noticed a meat berserker
    16 | D        | Noticed a meat berserker
    16 | D        | Killed a meat berserker
    16 | D        | Reached skill level 15 in Axes
    16 | D        | Reached skill level 15 in Throwing
    16 | D        | Reached skill level 15 in Unarmed Combat
    16 | D        | Reached skill level 15 in Spellcasting
    17 | D        | Noticed a large bag of meat
    17 | D        | Reached XP level 17. HP: 146/148 MP: 3/37
    17 | D        | Killed a meat berserker
    17 | D        | Reached *** piety under Makhleb
    17 | D        | Reached skill level 15 in Dodging
    17 | D        | Reached XP level 18. HP: 155/158 MP: 3/39
    17 | D        | Killed a meat berserker
    17 | D        | Killed a meat berserker
    17 | D        | Reached **** piety under Makhleb
    17 | D        | Reached XP level 19. HP: 171/171 MP: 3/42
    18 | D        | Killed a meat berserker
    18 | D        | Reached XP level 20. HP: 181/181 MP: 3/44
    19 | D        | Killed a meat berserker
    20 | D        | Killed a meat berserker
    20 | D        | Reached XP level 21. HP: 192/192 MP: 4/46
    20 | D        | Reached ***** piety under Makhleb
    20 | D        | Killed a meat berserker
    20 | D        | Reached skill level 27 in Stealth
    20 | D        | Killed a meat berserker
    20 | D        | Reached XP level 22. HP: 206/206 MP: 4/49
    21 | D        | Noticed a destroyer
    21 | D        | Reached skill level 27 in Shields
    21 | D        | Killed a meat berserker
    21 | D        | Reached skill level 27 in Invocations
    23 | D        | Noticed a large bag of meat
    23 | D        | Killed a large bag of meat
    23 | D        | Reached skill level 27 in Fighting
    23 | D        | Reached skill level 27 in Armour
    23 | D        | Reached XP level 23. HP: 219/219 MP: 5/52
    23 | D        | Reached ****** piety under Makhleb
    24 | D        | Noticed a destroyer
    24 | D        | Reached skill level 27 in Axes
    24 | D        | Reached skill level 27 in Throwing
    24 | D        | Reached skill level 27 in Unarmed Combat
    24 | D        | Reached skill level 27 in Spellcasting
    24 | D        | Reached skill level 27 in Dodging
    24 | D        | Reached XP level 24. HP: 227/227 MP: 5/54
    25 | D        | Killed a large bag of meat
    25 | D        | Reached XP level 25. HP: 234/234 MP: 5/54
    26 | D        | Noticed a large bag of meat
    26 | D        | Noticed a large bag of meat
    28 | D        | Killed a large bag of meat
    28 | D        | Reached XP level 26. HP: 242/242 MP: 6/54
    29 | D        | Killed a destroyer
    30 | D        | Killed a large bag of meat
    30 | D        | Reached XP level 27. HP: 249/249 MP: 6/54
    35 | D        | Noticed a destroyer
    36 | D        | Killed a large bag of meat
    38 | D        | Slain by a destroyer

Vault maps used:
D:        meatsprint

Skill      XL: |  1  2  3  4  5  6  7  8  9 10 11 12 13 14 15 16 17 18 19 20 21 22 23 |
---------------+----------------------------------------------------------------------+-----
Fighting       | 11 12 14 15 17 18 20 21 23 25 27 | 27.0
Axes           | 9 11 13 14 16 17 19 20 21 23 25 27 | 27.0
Throwing       | 9 11 13 14 16 17 19 20 21 23 25 27 | 27.0
Armour         | 11 12 14 15 17 18 20 21 23 25 27 | 27.0
Dodging        | 8 10 12 13 14 15 18 20 21 23 27 | 27.0
Stealth        | 12 14 16 17 20 21 23 24 26 27 | 27.0
Shields        | 11 13 15 17 18 20 22 23 24 26 27 | 27.0
Unarmed Combat | 9 11 13 14 16 17 19 20 21 23 25 27 | 27.0
Spellcasting   | 9 11 13 14 16 17 19 20 21 23 25 27 | 27.0
Invocations    | 11 13 15 16 18 19 22 23 24 26 27 | 27.0

Action                   |  1- 3 |  4- 6 |  7- 9 | 10-12 | 13-15 | 16-18 | 19-21 | 22-24 | 25-27 || total
-------------------------+-------+-------+-------+-------+-------+-------+-------+-------+-------++-------
Melee: Executioner's axe |     1 |       |       |       |     2 |     2 |     3 |     3 |     9 ||    20
Dodge: Dodged            |       |       |       |       |       |       |       |     1 |       ||     1
Block: Shield            |     1 |       |       |       |     1 |       |     1 |     1 |     2 ||     6

Table legend:
 A = Spawn XP
 B = Non-spawn XP
 C = Spawn XP percentage of total XP
 D = Spawn monster count
 E = Non-spawn monster count
 F = Spawn count percentage of total count
 G = Total turns spent on level
                    A         B        C        D         E        F      G
               +---------+---------+-------+---------+---------+-------+---------
         Total |       0 | 1338894 |   0.0 |       0 |      53 |   0.0 |    38
               +---------+---------+-------+---------+---------+-------+---------
             D |       0 | 1338894 |   0.0 |       0 |      53 |   0.0 |    38
               +---------+---------+-------+---------+---------+-------+---------
